 Dungeon Crawl Stone Soup version 0.27.1-1-g398f81649c (webtiles) character file.

Game seed: 11248664062481565630

28 Metae the Grave Robber (level 3, -1/28 HPs)
             Began as a Draconian Necromancer on Sept 13, 2021.
             Slain by Terence (16 damage)
             ... on level 2 of the Dungeon.
             The game lasted 00:04:45 (1250 turns).

Metae the Grave Robber (Draconian Necromancer)      Turns: 1250, Time: 00:04:46

Health: -1/28      AC:  6    Str: 16    XL:     3   Next: 0%
Magic:  1/6        EV: 12    Int: 16    God:
Gold:   10         SH:  0    Dex: 11    Spells: 4/6 levels left

rFire    + . .     SeeInvis .   b - staff of fire
rCold    . . .     Faith    .   (no shield)
rNeg     . . .     Spirit   .   (armour unavailable)
rPois    .         Reflect  .   (helmet restricted)
rElec    .         Harm     .   (no cloak)
rCorr    .         Rampage  .   (no gloves)
Will     .....                  g - +0 pair of boots
Stlth    ++........             (no amulet)
HPRegen  0.09/turn              f - +6 ring of strength
MPRegen  0.10/turn              (no ring)

@: no status effects
A: AC +5, unfitting armour, cold-blooded
a: no special abilities


You were on level 2 of the Dungeon.
You visited 1 branch of the dungeon, and saw 2 of its levels.

You collected 10 gold pieces.

Inventory:

Missiles
 c - 33 stones
Armour
 g - a +0 pair of boots (worn)
Magical Staves
 b - a staff of fire (weapon)
Jewellery
 f - a +6 ring of strength (left hand)
Scrolls
 d - a scroll of vulnerability {unknown}
 e - a scroll of fog {unknown}
 i - 2 scrolls of teleportation {unknown}
 j - a scroll of magic mapping {unknown}
Potions
 a - 3 potions of curing {unknown}
 h - 3 potions of might {unknown}


   Skills:
 + Level 1.1 Fighting
 + Level 0.6 Staves
 - Level 1.7 Dodging
 + Level 2.2 Stealth
 + Level 2.3 Spellcasting
 + Level 4.2 Necromancy


You had 4 spell levels left.
You knew the following spells:

 Your Spells              Type           Power      Damage    Failure   Level
a - Pain                  Necr           60%        1d7       3%          1
b - Animate Skeleton      Necr           30%        N/A       3%          1

Your spell library contained the following spells:

 Spells                   Type           Power      Damage    Failure   Level
 Vampiric Draining        Necr           7%         2d7       11%         3
 Animate Dead             Necr           7%         N/A       34%         4
 Portal Projectile        Hex/Tloc       2%         N/A       52%         3
 Agony                    Necr           15%        N/A       69%         5
 Excruciating Wounds      Necr           7%         N/A       69%         5
 Blade Hands              Tmut           0%         N/A       99%         5


Dungeon Overview and Level Annotations

Branches:
Dungeon (2/15)

Altars:

Annotations:
D:2 Terence


Innate Abilities, Weirdness & Mutations

Your plain brown scales are hard. (AC +5)
You cannot fit into any form of body armour.
You are cold-blooded and may be slowed by cold attacks.


Message History

You see here a giant cockroach corpse.
Your magical contamination has completely faded away.
j - a scroll labelled TUTI GEB MOHIE The great orb of eyes turns its gaze towards you.
Terence the Incautious comes into view.
He is wielding a +4 vorpal flail.
Found a faded altar of an unknown god.
Casting: Pain (safe; 3% risk of failure)
Confirm with . or Enter, or press ? or * to list all spells.
Aiming: Pain (safe; 3% risk of failure)
Press: ? - help, Shift-Dir - straight line, f - Terence
Aim: Terence, wielding a +4 vorpal flail and wearing a +0 scale mail (chance to affect: 80%) Terence writhes in agony!
Casting: Pain (safe; 3% risk of failure)
Confirm with . or Enter, or press ? or * to list all spells.
Aiming: Pain (safe; 3% risk of failure)
Press: ? - help, Shift-Dir - straight line, f/p - Terence
Aim: Terence, wielding a +4 vorpal flail and wearing a +0 scale mail (moderately wounded, chance to affect: 80%) Terence barely resists.
Casting: Pain (safe; 3% risk of failure)
Confirm with . or Enter, or press ? or * to list all spells.
Aiming: Pain (safe; 3% risk of failure)
Press: ? - help, Shift-Dir - straight line, f/p - Terence
Aim: Terence, wielding a +4 vorpal flail and wearing a +0 scale mail (moderately wounded, chance to affect: 80%) Terence writhes in agony.
Terence drinks a potion.
Terence goes berserk!
Casting: Pain (safe; 3% risk of failure)
Confirm with . or Enter, or press ? or * to list all spells.
Aiming: Pain (safe; 3% risk of failure)
Press: ? - help, Shift-Dir - straight line, f/p - Terence
Aim: Terence, wielding a +4 vorpal flail and wearing a +0 scale mail (heavily wounded, berserk, chance to affect: 80%) Terence writhes in agony.
Terence rages.
Terence barely misses you.
Casting: Pain (safe; 3% risk of failure)
Confirm with . or Enter, or press ? or * to list all spells.
You don't know that spell.
Terence hits you with a +4 vorpal flail!
Terence rages.
Terence hits you with a +4 vorpal flail!
Ouch! That really hurt!
You die...

......_... .##
......... ..# ##
###...# ..##.##
#G#...# ..#...#
#.###...###.......
#.................
##.................
..####...@........
... #####@....... ##
.. ..##...#...# #..
#. #.##...# .## #..
#.###.##...# #
#<..#..†......##
.##..#..##.#####
...>....##.#
###........#########
...........#........


You could see a great orb of eyes and Terence (berserk).

Vanquished Creatures
  3 dart slugs (D:1)
  A ball python (D:1)
  4 bats (D:1)
  3 endoplasms (D:1)
  2 giant cockroaches
  A hobgoblin (D:1)
  A quokka (D:1)
  3 frilled lizards (D:1)
  2 kobolds (D:1)
  2 rats (D:1)
22 creatures vanquished.

Notes
Turn   | Place    | Note
-------+----------+-------------------------------------------
     0 | D:1      | Metae the Draconian Necromancer began the quest for the
                  | Orb.
     0 | D:1      | Reached XP level 1. HP: 14/14 MP: 3/3
   271 | D:1      | Reached XP level 2. HP: 14/22 MP: 3/5
   527 | D:1      | Learned a level 1 spell: Animate Skeleton
   651 | D:1      | Reached skill level 1 in Fighting
  1227 | D:2      | Reached XP level 3. HP: 27/28 MP: 2/6
  1238 | D:2      | Noticed a great orb of eyes
  1241 | D:2      | Noticed Terence
  1242 | D:2      | Found a faded altar of an unknown god.
  1250 | D:2      | Slain by Terence

Illustrated notes

Levels and vault maps discovered:
D:1:      amcnicky_arrival_flooded_fountain, layout_basic, minmay_pentomino_z2
D:2:      layout_loops_cross, hellmonk_ecumenical_altar_watching_god,
          chequers_garden, uniq_terence, uniq_natasha

Skill      XL: |  1  2 |
---------------+-------+-----
Stealth        | 2 |  2.2
Fighting       | 1 |  1.1
Staves         | |  0.6
Dodging        | |  1.7
Spellcasting   | |  2.3
Necromancy     | |  4.2

Action                   || total
-------------------------++-------
Melee: Staff             ||    27
       Unarmed           ||     4
       Tailslap          ||     2
 Cast: Pain              ||    33
Armor: Skin              ||    13
Dodge: Dodged            ||    25
